 Dungeon Crawl Stone Soup version 0.21.1-1-g345015f (webtiles) character file.

42 tidbits the Chiller (level 3, -2/25 HPs)
             Began as a Gnoll Ice Elementalist on Mar 23, 2018.
             Slain by an orc
             ... wielding a +0 flail
              (4 damage)
             ... on level 2 of the Dungeon.
             The game lasted 00:03:28 (380 turns).

tidbits the Chiller (Gnoll Ice Elementalist)         Turns: 380, Time: 00:03:29

Health: -2/25      AC:  2    Str: 10    XL:     3   Next: 54%
Magic:  3/9        EV: 14    Int: 18    God:
Gold:   24         SH:  0    Dex: 15    Spells: 6/12 levels left

rFire    . . .     SeeInvis .   a - +3 dagger (drain)
rCold    . . .     Gourm    .   (no shield)
rNeg     . . .     Faith    .   e - +0 robe
rPois    .         Spirit   .   (no helmet)
rElec    .         Reflect  .   (no cloak)
rCorr    .         Harm     .   (no gloves)
MR       .....                  (no boots)
Stlth    +++.......             (no amulet)
HPRegen  0.08/turn              (no ring)
MPRegen  0.11/turn              (no ring)

@: no status effects
A: distributed training, fangs 1, strong nose
a: no special abilities


You were on level 2 of the Dungeon.
You were not hungry.

You visited 1 branch of the dungeon, and saw 2 of its levels.

You collected 24 gold pieces.

Inventory:

Hand Weapons
 a - a +3 dagger of draining (weapon)
   (You took it off a goblin on level 1 of the Dungeon)
 d - a +0 dagger
 f - a +0 hunting sling
Missiles
 g - 24 stones (quivered)
Armour
 e - a +0 robe (worn)
Scrolls
 h - 2 scrolls of remove curse {unknown}
Potions
 i - 2 potions of ambrosia {unknown}
 j - a potion of heal wounds {unknown}
 k - a potion of flight {unknown}
Books
 b - a book of Frost

   Spells                             Type                      Level
   a - Freeze                         Ice                          1
   b - Throw Frost                    Conjuration/Ice              2
   c - Ozocubu's Armour               Charms/Ice                   3
   d - Throw Icicle                   Conjuration/Ice              4
   e - Summon Ice Beast               Ice/Summoning                4
Comestibles
 c - 3 rations


   Skills:
 + Level 0.8 Fighting
 + Level 0.8 Short Blades
 + Level 0.8 Long Blades
 + Level 0.8 Axes
 + Level 0.8 Maces & Flails
 + Level 0.8 Polearms
 + Level 0.8 Staves
 + Level 0.8 Slings
 + Level 0.8 Bows
 + Level 0.8 Crossbows
 + Level 0.8 Throwing
 + Level 0.8 Armour
 + Level 4.5 Dodging
 + Level 4.1 Stealth
 + Level 0.8 Shields
 + Level 0.8 Unarmed Combat
 + Level 5.0 Spellcasting
 + Level 2.1 Conjurations
 + Level 0.5 Hexes
 + Level 0.5 Charms
 + Level 0.5 Summonings
 + Level 0.5 Necromancy
 + Level 0.5 Translocations
 + Level 0.5 Transmutations
 + Level 0.5 Fire Magic
 + Level 5.4 Ice Magic
 + Level 0.5 Air Magic
 + Level 0.5 Earth Magic
 + Level 0.5 Poison Magic
 + Level 1.0 Invocations
 + Level 0.8 Evocations


You had 6 spell levels left.
You knew the following spells:

 Your Spells              Type           Power        Failure   Level  Hunger
a - Freeze                Ice            ###.         1%          1    None
j - Throw Frost           Conj/Ice       ###...       4%          2    #......
o - Ozocubu's Armour      Chrm/Ice       ###.....     12%         3    ##.....


Dungeon Overview and Level Annotations

Branches:
Dungeon (2/15)

Altars:
Ashenzari


Innate Abilities, Weirdness & Mutations

Your experience applies equally to all skills.
You have very sharp teeth.
Your uncanny sense of smell can sniff out nearby items.


Message History

You see here 13 gold pieces.
You now have 13 gold pieces.
A kobold comes into view.
The kobold shouts!
The kobold throws a stone.
The stone hits you.
A rat comes into view.
You see here a stone.
The kobold barely misses you.
You puncture the kobold!
You kill the kobold!
There is a stone staircase leading up here.
You climb upwards.
Found 11 gold pieces.
There is a stone staircase leading down here.
Unknown command.
Found a scroll labeled JOKUQE ITETZYZ.
Unknown command.
Found a smoky blue potion.
You see here 11 gold pieces.
You now have 24 gold pieces (gained 11).
You see here a smoky blue potion.
k - a smoky blue potion You see here a scroll labeled JOKUQE ITETZYZ.
h - 2 scrolls labeled JOKUQE ITETZYZ (gained 1)
There is a stone staircase leading down here.
You climb downwards.
An orc warrior comes into view. It is wielding a halberd.
The rat bites you but does no damage. x2
There is a stone staircase leading up here.
Casting: Freeze
Confirm with . or Enter, or press ? or * to list all spells.
Aiming: Freeze
Press: ? - help, Shift-Dir - straight line, f - rat
Aim: a rat You freeze the rat.
You kill the rat!
An orc comes into view. It is wielding a falchion.
The orc warrior closely misses you.
An orc comes into view. It is wielding a flail.
The orc shouts! x2
You hit the orc warrior but do no damage.
The orc warrior misses you.
You completely miss the orc warrior.
You bite the orc warrior, but do no damage.
The orc warrior hits you with a halberd!
You hit the orc warrior but do no damage.
You drain the orc warrior!
The orc warrior is lightly wounded.
The orc warrior barely misses you.
Casting: Freeze
Confirm with . or Enter, or press ? or * to list all spells.
Aiming: Freeze
Press: ? - help, Shift-Dir - straight line, f - orc warrior
Aim: an orc warrior, wielding a halberd and wearing a plate armour (lightly wounded, lightly drained)
You freeze the orc warrior.
The orc warrior is lightly wounded.
Casting: Freeze
Confirm with . or Enter, or press ? or * to list all spells.
Aiming: Freeze
Press: ? - help, Shift-Dir - straight line, f/p - orc warrior
Aim: an orc warrior, wielding a halberd and wearing a plate armour (lightly wounded, lightly drained)
You freeze the orc warrior.
The orc warrior is moderately wounded.
The orc warrior barely misses you.
Casting: Freeze
Confirm with . or Enter, or press ? or * to list all spells.
Aiming: Freeze
Press: ? - help, Shift-Dir - straight line, f/p - orc warrior
Aim: an orc warrior, wielding a halberd and wearing a plate armour (moderately wounded, lightly drained)
You freeze the orc warrior.
The orc warrior is severely wounded.
The orc warrior hits you with a halberd!
* * * LOW HITPOINT WARNING * * *
Casting: Freeze
Confirm with . or Enter, or press ? or * to list all spells.
Aiming: Freeze
Press: ? - help, Shift-Dir - straight line, f/p - orc warrior
Aim: an orc warrior, wielding a halberd and wearing a plate armour (severely wounded, lightly drained)
You freeze the orc warrior.
The orc warrior is almost dead.
The orc warrior barely misses you.
Casting: Freeze
Confirm with . or Enter, or press ? or * to list all spells.
Aiming: Freeze
Press: ? - help, Shift-Dir - straight line, f/p - orc warrior
Aim: an orc warrior, wielding a halberd and wearing a plate armour (almost dead, lightly drained)
You freeze the orc warrior.
The orc warrior is almost dead.
The orc hits you but does no damage.
The orc warrior hits you with a halberd.
* * * LOW HITPOINT WARNING * * *
Casting: Freeze
Confirm with . or Enter, or press ? or * to list all spells.
Aiming: Freeze
Press: ? - help, Shift-Dir - straight line, f/p - orc warrior
Aim: an orc warrior, wielding a halberd and wearing a plate armour (almost dead, lightly drained)
You freeze the orc warrior.
The orc warrior is almost dead.
The orc hits you with a flail.
You die...

#. .# . .### .. ..#∆∆∆
.. #.##∆ .# ###..###..#
###########....o...#
#.............(<@o.#
#.........##.##..o.#
#.........##.##.(......
#.........##.###...###.#
#.........##.# ##..#
#.........##.. ..#
#.........#### .##
#....>....# +#
#....†....#


You could see an orc warrior and 2 orcs.

Vanquished Creatures
  An ooze (D:1)
  A worm (D:2)
  2 dart slugs (D:1)
  A leopard gecko (D:1)
  3 bats
  3 goblins
  2 hobgoblins (D:1)
  5 jackals
  2 ball pythons (D:1)
  2 kobolds
  5 rats
27 creatures vanquished.

Notes
Turn   | Place    | Note
-------+----------+-------------------------------------------
     0 | D:1      | tidbits the Gnoll Ice Elementalist began the quest for the Orb.
     0 | D:1      | Reached XP level 1. HP: 13/13 MP: 6/6
    46 | D:1      | Reached skill level 2 in Conjurations
    50 | D:1      | Reached XP level 2. HP: 16/20 MP: 1/7
    54 | D:1      | Learned a level 2 spell: Throw Frost
   124 | D:1      | Reached XP level 3. HP: 21/25 MP: 0/9
   129 | D:1      | Learned a level 3 spell: Ozocubu's Armour
   130 | D:1      | Found a shattered altar of Ashenzari.
   157 | D:1      | Reached skill level 5 in Spellcasting
   317 | D:2      | Reached skill level 1 in Invocations
   369 | D:2      | Noticed an orc warrior
   379 | D:2      | HP: 2/25 [orc warrior/halberd (5)]
   380 | D:2      | Slain by an orc

Skill      XL: |  1  2  3 |
---------------+----------+-----
Conjurations   | 2 |  2.1
Spellcasting   | 5 |  5.0
Invocations    | 1 |  1.0
Fighting       | |  0.8
Short Blades   | |  0.8
Long Blades    | |  0.8
Axes           | |  0.8
Maces & Flails | |  0.8
Polearms       | |  0.8
Staves         | |  0.8
Slings         | |  0.8
Bows           | |  0.8
Crossbows      | |  0.8
Throwing       | |  0.8
Armour         | |  0.8
Dodging        | |  4.5
Stealth        | |  4.1
Shields        | |  0.8
Unarmed Combat | |  0.8
Hexes          | |  0.5
Charms         | |  0.5
Summonings     | |  0.5
Necromancy     | |  0.5
Translocations | |  0.5
Transmutations | |  0.5
Fire Magic     | |  0.5
Ice Magic      | |  5.4
Air Magic      | |  0.5
Earth Magic    | |  0.5
Poison Magic   | |  0.5
Evocations     | |  0.8

Action                   || total
-------------------------++-------
Melee: Dagger            ||    20
       Bite              ||     2
 Cast: Freeze            ||    27
       Throw Frost       ||     1
 Stab: Sleeping          ||     6
Armor: Robe              ||     6
Dodge: Dodged            ||    20

Table legend:
 A = Turns spent in this place as a percentage of turns spent in the entire game.
 B = Non-inter-level travel turns spent in this place as a percentage of non-inter-level travel turns spent in the entire game.
 C = Inter-level travel turns spent in this place as a percentage of turns spent in this place.
 D = Turns resting spent in this place as a percentage of non-inter-level travel turns spent in this place.
 E = Turns spent auto-exploring this place as a percentage of non-inter-level travel turns spent in this place.
 F = Non-inter-level travel turns spent in this place divided by the number of levels of this place that you've seen.
                   A       B       C       D       E      F
               +-------+-------+-------+-------+-------+----------------------
         Total | 100.0 | 100.0 |   2.4 |   0.0 |   0.0 | 185.5
       Dungeon | 100.0 | 100.0 |   2.4 |   0.0 |   0.0 | 185.5
               +-------+-------+-------+-------+-------+----------------------

Table legend:
 A = Kills in this place as a percentage of kills in entire the game.
 B = Kills by you in this place as a percentage of kills by you in the entire game.
 C = Kills by friends in this place as a percentage of kills by friends in the entire game.
 D = Other kills in this place as a percentage of other kills in the entire game.
 E = Experience gained in this place as a percentage of experience gained in the entire game.
 F = Experience gained in this place divided by the number of levels of this place that you have seen.
                   A       B       C       D       E      F
               +-------+-------+-------+-------+-------+----------------------
         Total | 100.0 | 100.0 |   N/A |   N/A | 100.0 |  30.0
       Dungeon | 100.0 | 100.0 |   N/A |   N/A | 100.0 |  30.0
               +-------+-------+-------+-------+-------+----------------------

Vault maps used:
D:1:      dpeg_arrival_rooms_b, grunt_decor_arrowhead, evilmike_ruin_ashenzari
D:2:      cheibrodos_greedy_goblins, first_ration
